 Dungeon Crawl Stone Soup version 0.31.0-11-ge490571c62 (webtiles) character file.

Game seed: 17046900339832145784

1207 inmateoo the Chopper (level 8, -8/70 HPs)
             Began as a Minotaur Fighter on Jan 30, 2024.
             Mangled by a gnoll sergeant
             ... wielding a +1 vampiric trident
              (11 damage)
             ... on level 4 of the Dungeon.
             The game lasted 00:02:32 (2366 turns).

inmateoo the Chopper (Minotaur Fighter)             Turns: 2366, Time: 00:02:33

Health: -8/70      AC:  9    Str: 21    XL:     8   Next: 21%
Magic:  7/7        EV: 11    Int:  5    God:
Gold:   223        SH:  5    Dex: 12    Spells: 7/7 levels left

rFire   . . .        a - +1 war axe
rCold   + . .        c - +0 buckler
rNeg    . . .        b - +1 scale mail
rPois   .            (helmet restricted)
rElec   .            (no cloak)
rCorr   .            (no gloves)
SInv    .            q - +0 pair of boots
Will    .....        (no amulet) Stlth
                     n - ring of protection from cold
HPRegen 0.31/turn    (no ring)
MPRegen 0.10/turn

%: no passive effects
@: no status effects
A: horns 2, retaliatory headbutt
a: no special abilities


You were on level 4 of the Dungeon.
You visited 1 branch of the dungeon, and saw 4 of its levels.

You collected 223 gold pieces.

Inventory:

Hand Weapons
 a - a +1 war axe (weapon)
 u - a +2 whip of flaming
Missiles
 f - 2 poisoned darts (quivered)
Armour
 b - a +1 scale mail (worn)
 c - a +0 buckler (worn)
 q - a +0 pair of boots (worn)
Jewellery
 e - an amulet of guardian spirit
 g - a ring of wizardry
 n - a ring of protection from cold (left hand)
Wands
 m - a wand of digging (7)
Scrolls
 h - a scroll of identify
 k - a scroll of revelation
 o - a scroll of amnesia
 p - a scroll of teleportation
Potions
 d - 2 potions of might
 i - a potion of attraction {unknown}
 j - a potion of enlightenment
 l - a potion of mutation {unknown}
 r - 2 potions of lignification {unknown}
 s - a potion of heal wounds {unknown}
 t - a potion of resistance {unknown}


   Skills:
 + Level 6.0 Fighting
 * Level 7.3 Axes
 + Level 6.0 Armour
 + Level 4.0 Dodging
 + Level 5.9 Shields


You had 7 spell levels left.
You didn't know any spells.
Your spell library contained the following spells:

 Spells                   Type           Power      Damage    Failure   Level
 Magic Dart               Conj           0%         1d3       86%         1
 Blink                    Tloc           0%         N/A       94%         2
 Call Imp                 Summ           0%         N/A       94%         2
 Scorch                   Fire           0%         2d5       94%         2
 Flame Wave               Conj/Fire      0%         2d4       100%        4
 Summon Cactus Giant      Summ           0%         N/A       100%        6


Dungeon Overview and Level Annotations

Branches:
Dungeon (4/15)             Temple (0/1) D:4

Altars:
Okawaru


Innate Abilities, Weirdness & Mutations

You have a pair of horns on your head.
You reflexively headbutt those who attack you in melee.


Message History

You block the howler monkey's attack.
The gnoll sergeant hits you from afar with a +1 vampiric trident!
* * * LOW HITPOINT WARNING * * *
Menkaure completely misses you. You furiously retaliate!
You headbutt Menkaure!
You destroy Menkaure!
The howler monkey hits you.
* * * LOW HITPOINT WARNING * * *
The gnoll sergeant barely misses you.
Your Fighting skill increases to level 6!
Your Armour skill increases to level 6!
Your Dodging skill increases to level 4!
You are too injured to fight recklessly!
The howler monkey attacks as it pursues you!
The howler monkey hits you but does no damage.
The sleepcap releases spores at you but does no damage.
The gnoll sergeant barely misses you.
You barely miss the howler monkey. You headbutt the howler monkey!
The howler monkey is almost dead.
You hit the sleepcap. The howler monkey misses you.
The sleepcap closely misses you. You furiously retaliate!
You headbutt the sleepcap!
The gnoll sergeant hits you from afar with a +1 vampiric trident!
* * * LOW HITPOINT WARNING * * *
You hit the howler monkey.
The howler monkey is almost dead.
You hit the sleepcap but do no damage. You block the howler monkey's attack.
The sleepcap barely misses you.
The gnoll sergeant hits you but does no damage.
The howler monkey closely misses you. You furiously retaliate!
You headbutt the howler monkey!
You kill the howler monkey!
The gnoll sergeant hits you with a +1 vampiric trident.
* * * LOW HITPOINT WARNING * * *
The sleepcap barely misses you.
You see here a howler monkey corpse.
You hit the sleepcap.
You destroy the sleepcap!
You barely miss the gnoll sergeant.
The gnoll sergeant hits you with a +1 vampiric trident!
You die...

# ...... ..^...# ......#
########## ####
......####........# #...##
......##......#...##.!...#
...##.....##†..#)......
#.#......##...'.......
#......####.@g#)g..... #
#.###### #.†.##.....# #
#.# #...# #...## # ###.#
#...# #### #...# #...#
###.### '...# ....# .#...#
###.### .##...# # #...# !#
#....


You could see a gnoll sergeant.

Vanquished Creatures
  Pikel (D:4)
  Sigmund (D:2)
  Menkaure (D:4)
  A lemure (D:4)
  A scorpion (D:4)
  A howler monkey (D:4)
  2 bombardier beetles (D:3)
  A gnoll bouda (D:4)
  A hound (D:4)
  A sleepcap (D:4)
  11 gnolls
  7 adders
  A dart slug (D:1)
  3 ribbon worms
  6 orcs
  7 ball pythons
  6 bats
  3 endoplasms
  5 giant cockroaches
  4 goblins
  8 hobgoblins
  13 jackals
  9 kobolds
  2 quokkas
  5 frilled lizards
  6 rats
107 creatures vanquished.

Notes
Turn   | Place    | Note
-------+----------+-------------------------------------------
     0 | D:1      | inmateoo the Minotaur Fighter began the quest for the Orb.
     0 | D:1      | Reached XP level 1. HP: 19/19 MP: 0/0
    69 | D:1      | Reached XP level 2. HP: 22/27 MP: 1/1
   129 | D:1      | Reached skill level 3 in Axes
   330 | D:1      | Reached XP level 3. HP: 33/33 MP: 2/2
   362 | D:1      | Reached skill level 1 in Dodging
   813 | D:2      | Reached XP level 4. HP: 40/40 MP: 3/3
   930 | D:2      | Noticed Sigmund
   945 | D:2      | Killed Sigmund
   946 | D:2      | Reached skill level 4 in Axes
   946 | D:2      | Reached XP level 5. HP: 44/47 MP: 4/4
  1309 | D:3      | Found a faded altar of an unknown god.
  1319 | D:3      | Reached XP level 6. HP: 50/53 MP: 5/5
  1340 | D:3      | Reached skill level 5 in Axes
  1592 | D:3      | Found an iron altar of Okawaru.
  2063 | D:4      | Reached skill level 5 in Fighting
  2064 | D:4      | Reached skill level 5 in Armour
  2154 | D:4      | Found a staircase to the Ecumenical Temple.
  2167 | D:4      | Reached skill level 5 in Shields
  2201 | D:4      | Noticed Pikel
  2213 | D:4      | Killed Pikel
  2214 | D:4      | Reached skill level 6 in Axes
  2214 | D:4      | Reached XP level 7. HP: 34/62 MP: 6/6
  2334 | D:4      | Reached XP level 8. HP: 70/70 MP: 7/7
  2346 | D:4      | Reached skill level 7 in Axes
  2354 | D:4      | Noticed Menkaure
  2361 | D:4      | Killed Menkaure
  2365 | D:4      | HP: 2/70 [gnoll sergeant/+1 vampiric trident (3)]
  2366 | D:4      | Mangled by a gnoll sergeant

Illustrated notes

Levels and vault maps discovered:
D:1:      lightli_arrival_statuegarden, layout_rooms
D:2:      kb_forest_paths, layout_loops_cross, uniq_sigmund
D:3:      layout_loops_ring, okawaru_gym_becter,
          hellmonk_ecumenical_altar_zigzags
D:4:      minmay_opposing_rooms, layout_loops_ring,
          gammafunk_temple_overflow_claw, minmay_temple_entry_butterflies,
          gammafunk_ghost_grave, uniq_menkaure, uniq_pikel

Skill      XL: |  1  2  3  4  5  6  7  8 |
---------------+-------------------------+-----
Axes           | 3 4 6 7 |  7.3
Dodging        | 1 2 3 4 |  4.0
Shields        | 4 5 |  5.9
Fighting       | 4 5 6 |  6.0
Armour         | 4 5 6 |  6.0

Action                     |  1- 3 |  4- 6 |  7- 9 || total
---------------------------+-------+-------+-------++-------
  Melee: War axe           |   111 |   120 |    18 ||   249
         Headbutt          |     9 |    24 |     2 ||    35
    Use: Scroll            |       |     8 |       ||     8
 Armour: Scale mail        |    87 |    83 |    28 ||   198
  Dodge: Dodged            |    64 |    70 |    22 ||   156
  Block: Buckler           |    33 |    27 |    11 ||    71
